 Dungeon Crawl Stone Soup version 0.30-a0-141-g30f27751c5 (webtiles) character file.

Game seed: 14248039628597753510

377 qw the Chopper (level 6, -1/38 HPs)
             Began as a Gargoyle Fighter on Sept 24, 2022.
             Was an Initiate of Okawaru.
             Slain by a hound (2 damage)
             ... on level 4 of the Dungeon.
             The game lasted 00:01:15 (3019 turns).

qw the Chopper (Gargoyle Fighter)                   Turns: 3019, Time: 00:01:15

Health: -1/38      AC: 22    Str: 22    XL:     6   Next: 73%
Magic:  6/6        EV:  7    Int: 13    God:    Okawaru [......]
Gold:   95         SH:  3    Dex:  5    Spells: 5/5 levels left

rFire   . . .      SeeInvis .    Y - +0 war axe
rCold   . . .      Faith    .    c - +0 buckler
rNeg    + + +      Spirit   .    h - +8 chain mail "Tydoul" {rElec rN+++ Int+5 Dex-4}
rPois   inf        Reflect  .    n - +0 helmet
rElec   +          Harm     .    (no cloak)
rCorr   .          Rampage  .    (no gloves)
Will    .....                    (no boots)
Stlth   ..........               (no amulet)
HPRegen 0.12/turn                (no ring)
MPRegen 0.10/turn                (no ring)

@: no status effects
A: sickness immunity, AC +4, negative energy resistance 1, electricity
resistance, torment resistance 1, petrification resistance
a: Renounce Religion


You were on level 4 of the Dungeon.
You worshipped Okawaru.
Okawaru was noncommittal.
You visited 1 branch of the dungeon, and saw 4 of its levels.

You collected 95 gold pieces.


Innate Abilities, Weirdness & Mutations

You are immune to sickness and miasma.
Your stone body is resilient. (AC +4)
You are immune to poison.
You resist negative energy. (rN+)
You are resistant to electric shocks. (rElec)
You are resistant to unholy torment.
You are immune to petrification.


   Skills:
 - Level 4.0 Fighting
 + Level 5.8 Axes
 - Level 3.2 Armour
 - Level 1.0 Dodging
 - Level 3.2 Shields


You had 5 spell levels left.
You didn't know any spells.
Your spell library was empty.

Inventory:

Hand Weapons
 g - a +0 mace
 Y - a +0 war axe (weapon)
Armour
 c - a +0 buckler (worn)
 h - the +8 chain mail "Tydoul" (worn) {rElec rN+++ Int+5 Dex-4}
   (You found it on level 3 of the Dungeon)

   Int:       It affects your intelligence (+5).
   Dex:       It affects your dexterity (-4).
   rElec:     It insulates you from electricity.
   rN:        It renders you almost immune to negative energy.
 n - a +0 helmet (worn)
Potions
 a - 3 potions of lignification
 d - a potion of might
 e - a potion of mutation {unknown}
 f - a potion of curing {unknown}
 i - a potion of magic {unknown}
 k - a potion of ambrosia {unknown}
 p - a potion of degeneration {unknown}

Dungeon Overview and Level Annotations

Branches:
Dungeon (4/15)
 Temple: D:4-7

Altars:
Makhleb
Okawaru
Yredelemnul

Annotations:
D:3 1 runed translucent door


Message History

The gnoll is heavily wounded.
You slash the giant cockroach!
You kill the giant cockroach!
Okawaru accepts your kill. The gnoll barely misses you.
You closely miss the gnoll.
The gnoll is heavily wounded.
You barely miss the hound. The gnoll hits you with a +0 halberd.
The hound bites you. You block the gnoll's attack.
The gnoll hits you but does no damage. The hound bites you but does no damage.
The gnoll hits you but does no damage.
You barely miss the gnoll.
The gnoll is heavily wounded.
You closely miss the hound. The hound bites you but does no damage.
The gnoll barely misses you.
The gnoll hits you but does no damage. x2
You hit the gnoll but do no damage.
The gnoll is heavily wounded.
You miss the hound. The hound bites you but does no damage.
The hound closely misses you. The gnoll hits you with a +0 halberd!
The gnoll hits you but does no damage. The gnoll closely misses you.
You hit the gnoll.
The gnoll is severely wounded.
You closely miss the hound. You block the hound's attack.
The gnoll hits you with a +0 halberd! The gnoll hits you but does no damage.
The gnoll hits you from afar with a +0 spear.
You block the hound's attack.
You slash the gnoll!
You kill the gnoll!
Okawaru accepts your kill.
You slash the hound! The hound bites you but does no damage.
The gnoll closely misses you. The gnoll hits you but does no damage.
The hound bites you but does no damage.
The gnoll hits you but does no damage. x2
You barely miss the hound.
The hound is heavily wounded.
The hound bites you.
You die...

#....<..#
#.......#
#.......# ###
#.......# ...
##.......# #..
#.%......#
#..##%###.####
#......##.#
#.###@.##.#
#h)....#
#gg###..# ...g
!.# ..... .#
#...... .#
.......
..$....


You could see a hound and 3 gnolls.

Vanquished Creatures
  Sigmund (D:2)
  Terence (D:2)
  Robin (D:3)
  5 gnolls
  6 adders
  An orc (D:3)
  11 ball pythons
  4 bats
  5 endoplasms
  6 giant cockroaches
  12 goblins
  6 hobgoblins
  5 kobolds
  6 quokkas
  3 frilled lizards
  A goblin skeleton (D:3)
  5 rats
79 creatures vanquished.

Vanquished Creatures (others)
  A fungus (D:4)
  5 plants (D:2)
6 creatures vanquished.

Grand Total: 85 creatures vanquished

Notes
Turn   | Place    | Note
-------+----------+-------------------------------------------
     0 | D:1      | qw the Gargoyle Fighter began the quest for the Orb.
     0 | D:1      | Reached XP level 1. HP: 14/14 MP: 1/1
     0 | D:1      | 0 ||| qw: Version: 0.1.0-9-gbc19398
     0 | D:1      | 0 ||| qw: Game counter: 66
     0 | D:1      | 0 ||| qw: Always use a shield: true
     0 | D:1      | 0 ||| qw: God list: Okawaru
     0 | D:1      | 0 ||| qw: Allow faded altars: false
     0 | D:1      | 0 ||| qw: Do Orc after D:15 true
     0 | D:1      | 0 ||| qw: Do second Lair branch before Depths: true
     0 | D:1      | 0 ||| qw: Lair rune preference: random
     0 | D:1      | 0 ||| qw: Plans: Normal, Zot:1-4, God:TSO, Crypt, Tomb,
                  | Pan, Slime:5, Hells, Abyss, Orb
     0 | D:1      | 0 ||| PLANNING D:1-11
    95 | D:1      | Reached skill level 2 in Axes
   315 | D:1      | Reached XP level 2. HP: 19/19 MP: 2/2
   728 | D:1      | 728 ||| Stepping ~*~*~tactically~*~*~ (stealth).
   730 | D:1      | 730 ||| Stepping ~*~*~tactically~*~*~ (stealth).
   741 | D:1      | Reached skill level 3 in Axes
   774 | D:1      | Reached XP level 3. HP: 23/23 MP: 3/3
  1061 | D:1      | 1061 ||| READING scroll labelled ASKEOB ANUAPAA.
  1062 | D:1      | 1062 ||| DRINKING 2 cyan potions.
  1063 | D:1      | 1063 ||| DROPPING potion of flight.
  1095 | D:2      | 1095 ||| STAIRDANCE
  1101 | D:2      | 1101 ||| STAIRDANCE
  1124 | D:2      | 1124 ||| Stepping ~*~*~tactically~*~*~ (stealth).
  1151 | D:2      | 1151 ||| Stepping ~*~*~tactically~*~*~ (stealth).
  1154 | D:2      | 1154 ||| Stepping ~*~*~tactically~*~*~ (stealth).
  1155 | D:2      | 1155 ||| Stepping ~*~*~tactically~*~*~ (stealth).
  1183 | D:2      | Noticed Terence
  1196 | D:2      | Killed Terence
  1197 | D:2      | Reached XP level 4. HP: 24/28 MP: 4/4
  1214 | D:2      | 1214 ||| Stepping ~*~*~tactically~*~*~ (stealth).
  1237 | D:2      | 1237 ||| DROPPING +0 club.
  1265 | D:2      | Reached skill level 4 in Axes
  1371 | D:2      | Noticed Sigmund
  1380 | D:2      | HP: 5/28 [Sigmund/+0 scythe (9)]
  1381 | D:2      | Killed Sigmund
  1382 | D:2      | Reached skill level 5 in Axes
  1382 | D:2      | Reached XP level 5. HP: 6/32 MP: 5/5
  1382 | D:2      | Reached XP level 6. HP: 7/37 MP: 6/6
  1939 | D:2      | 1939 ||| UPGRADING to +3 scale mail of cold resistance.
  1949 | D:2      | 1949 ||| DROPPING +0 scale mail.
  1950 | D:2      | 1950 ||| READING scroll labelled XYCZAA IMUUJIY.
  1951 | D:2      | 1951 ||| READING scroll labelled NATWUA CIBIFRO.
  1952 | D:2      | 1952 ||| DRINKING 2 sedimented coppery potions.
  2009 | D:3      | Found an iron altar of Okawaru.
  2040 | D:3      | Identified the +8 chain mail "Tydoul" {rElec rN+++ Int+5
                  | Dex-4}
  2074 | D:3      | Found a runed translucent door.
  2074 | D:3      | Noticed a human
  2083 | D:3      | Found a basalt altar of Yredelemnul.
  2139 | D:3      | 2139 ||| Stepping ~*~*~tactically~*~*~ (stealth).
  2140 | D:3      | 2140 ||| Stepping ~*~*~tactically~*~*~ (hiding).
  2141 | D:3      | 2141 ||| Stepping ~*~*~tactically~*~*~ (hiding).
  2142 | D:3      | 2142 ||| Stepping ~*~*~tactically~*~*~ (hiding).
  2321 | D:3      | 2321 ||| Stepping ~*~*~tactically~*~*~ (stealth).
  2356 | D:3      | Noticed Robin
  2357 | D:3      | 2357 ||| Stepping ~*~*~tactically~*~*~ (stealth).
  2369 | D:3      | 2369 ||| Stepping ~*~*~tactically~*~*~ (stealth).
  2370 | D:3      | 2370 ||| Stepping ~*~*~tactically~*~*~ (stealth).
  2382 | D:3      | Killed Robin
  2385 | D:3      | Reached skill level 1 in Dodging
  2468 | D:3      | 2468 ||| Stepping ~*~*~tactically~*~*~ (hiding).
  2528 | D:3      | Found a burning altar of Makhleb.
  2808 | D:3      | 2808 ||| UPGRADING to +8 chain mail "Tydoul" {rElec rN+++
                  | Int+5 Dex-4}.
  2818 | D:3      | 2818 ||| DROPPING +3 scale mail of cold resistance.
  2819 | D:3      | 2819 ||| UPGRADING to +0 helmet.
  2824 | D:3      | 2824 ||| READING scroll labelled GEOLIO XOCIO.
  2925 | D:3      | 2925 ||| READING 3 scrolls labelled MEOTAE BISOVYPPEA.
  2926 | D:3      | 2926 ||| READING scroll labelled SOOGEAXIEWU.
  2927 | D:3      | 2927 ||| READING scroll labelled RYMAOTWEAST.
  2928 | D:3      | 2928 ||| DROPPING 2 scrolls of immolation.
  2960 | D:3      | Became a worshipper of Warmaster Okawaru
  3004 | D:4      | 3004 ||| Stepping ~*~*~tactically~*~*~ (hiding).
  3017 | D:4      | HP: 5/38 [gnoll/+0 halberd (11)]
  3017 | D:4      | HP: 1/38 [gnoll/+0 spear (4)]
  3019 | D:4      | Slain by a hound

Levels and vault maps discovered:
D:1:      dpeg_arrival_central, layout_basic, kennysheep_nondescript
D:2:      cheibrodos_old_hovel, layout_rooms, solitary_fountain, uniq_terence,
          uniq_sigmund
D:3:      cheibrodos_helix_gallery, layout_loops_ring,
          mainiacjoe_overflow_brackets, dk_yredelemnul_ordeal,
          nicolae_overflow_crystal_walls, uniq_robin
D:4:      layout_rooms, mainiacjoe_overflow_alcove_2,
          dreamdust_mushroom_princess

Skill      XL: |  1  2  3  4  5  6 |
---------------+-------------------+-----
Axes           | 2 3 5 |  5.8
Fighting       | 4 |  4.0
Dodging        | 1 |  1.0
Armour         | |  3.2
Shields        | |  3.2

Action                   |  1- 3 |  4- 6 || total
-------------------------+-------+-------++-------
Melee: War axe           |    97 |   133 ||   230
  Use: Scroll            |     1 |     6 ||     7
       Potion            |     1 |     1 ||     2
Armor: Scale mail        |    63 |    56 ||   119
       Chain mail        |       |    23 ||    23
Dodge: Dodged            |    49 |    56 ||   105
Block: Buckler           |    18 |    28 ||    46

Table legend:
 A = Non-vault XP
 B = Vault XP
 C = Vault XP percentage of total XP
 D = Non-vault monster count
 E = Vault monster count
 F = Vault count percentage of total count
                 A         B        C        D         E       F
            +---------+---------+-------+---------+---------+-------
      Total |     243 |     296 |  54.9 |      65 |      14 |  17.7
            +---------+---------+-------+---------+---------+-------
        D:1 |      44 |       0 |   0.0 |      25 |       0 |   0.0
        D:2 |      46 |     261 |  85.0 |      16 |       3 |  15.8
        D:3 |     120 |      35 |  22.6 |      18 |      11 |  37.9
        D:4 |      33 |       0 |   0.0 |       6 |       0 |   0.0
            +---------+---------+-------+---------+---------+-------
